 Dungeon Crawl Stone Soup version 0.22.1-6-g1668fe2 (webtiles) character file.

1964 systemy the Cleaver (level 9, -1/77 HPs)
             Began as a Minotaur Berserker on Jan 26, 2019.
             Was a Priest of Trog.
             Slain by a two-headed ogre
             ... wielding a +0 giant club
              (21 damage)
             ... on level 6 of the Dungeon.
             The game lasted 00:06:31 (3778 turns).

systemy the Cleaver (Minotaur Berserker)            Turns: 3778, Time: 00:06:31

Health: -1/77      AC:  7    Str: 30    XL:     9   Next: 0%
Magic:  8/8        EV: 12    Int:  4    God:    Trog [***...]
Gold:   213        SH:  0    Dex: 10    Spells: 8/8 levels left

rFire    . . .     SeeInvis .   a - +0 hand axe
rCold    . . .     Gourm    +   (no shield)
rNeg     . . .     Faith    .   j - +0 scale mail
rPois    .         Spirit   .   (helmet restricted)
rElec    .         Reflect  .   (no cloak)
rCorr    .         Harm     .   (no gloves)
MR       .....                  (no boots)
Stlth    ..........             w - amulet of Tyetam {Gourm Str+5}
HPRegen  0.22/turn              u - ring of wizardry
MPRegen  0.11/turn              (no ring)

@: no status effects
A: retaliatory headbutt, horns 2
a: Berserk, Trog's Hand, Renounce Religion


You were on level 6 of the Dungeon.
You worshipped Trog.
Trog was most pleased with you.
You were full.

You visited 1 branch of the dungeon, and saw 6 of its levels.

You collected 213 gold pieces.

Inventory:

Hand Weapons
 a - a +0 hand axe (weapon)
Armour
 b - a +0 animal skin
 j - a +0 scale mail (worn)
Jewellery
 e - an uncursed amulet of regeneration
 i - an uncursed amulet of faith
 u - a ring of wizardry (left hand)
 w - the amulet of Tyetam (around neck) {Gourm Str+5}
   (You found it on level 5 of the Dungeon)

   [amulet of the gourmand]

   It allows you to eat raw meat even when not hungry.
   It affects your strength (+5).
Wands
 m - a wand of random effects (24)
Scrolls
 d - 4 scrolls of identify {unknown}
 f - a scroll of fog {unknown}
 h - 3 scrolls of remove curse {unknown}
 k - 2 scrolls of noise {unknown}
 o - a scroll of teleportation {unknown}
 q - 2 scrolls of immolation
 r - a scroll of amnesia {unknown}
 s - 3 scrolls of fear {unknown}
 t - a scroll of random uselessness {unknown}
Potions
 g - a potion of degeneration {unknown}
 l - 3 potions of curing {unknown}
 n - a potion of magic {unknown}
 p - 2 potions of heal wounds {unknown}
 v - a potion of agility {unknown}
 x - a potion of flight {unknown}
Comestibles
 c - 6 rations


   Skills:
 + Level 6.3 Fighting
 * Level 11.3 Axes
 + Level 6.4 Armour
 + Level 4.0 Dodging


You had 8 spell levels left.
You didn't know any spells.
Your spell library was empty.

Dungeon Overview and Level Annotations

Branches:
Dungeon (6/15)             Temple (0/1) D:5

Altars:
Cheibriados
Fedhas
Gozag
Okawaru
Uskayaw
Zin
The Shining One


Innate Abilities, Weirdness & Mutations

You reflexively headbutt those who attack you in melee.
You have a pair of horns on your head.


Message History

The two-headed ogre is moderately wounded.
An adder comes into view.
The two-headed ogre barely misses you. You furiously retaliate!
You headbutt the two-headed ogre.
The two-headed ogre hits you with a giant club!
* * * LOW HITPOINT WARNING * * *
The adder hisses angrily.
You hit the two-headed ogre.
The two-headed ogre is moderately wounded.
You hit the two-headed ogre. You headbutt the two-headed ogre.
The two-headed ogre is heavily wounded.
The two-headed ogre closely misses you.
The two-headed ogre completely misses you.
You hit the two-headed ogre. You headbutt the two-headed ogre!
The two-headed ogre is severely wounded.
Your scale mail prevents you from hitting the two-headed ogre.
Your headbutt misses the two-headed ogre.
The two-headed ogre is severely wounded.
The two-headed ogre hits you with a giant club!!
You die...

#.........#
...########
#........ ####
#........
######.......
#.....S.....
#.........#
#.........# #
#.....O...#.#
#####.....@...'.#
..............###
.........†....#
......†...#####
......###.# .....
#.# .... #.# ...
#.# .. #.#


You could see a two-headed ogre and an adder.

Vanquished Creatures
  The ghost of Malhgor the Ruffian, an amateur DrTm of Makhleb (D:4)
  A water moccasin (D:6)
  An orc warrior (D:6)
  A black bear (D:6)
  An ice beast (D:5)
  An ogre (D:4)
  5 centaurs
  A bullfrog (D:4)
  2 howler monkeys
  A crimson imp (D:6)
  2 orc priests (D:4)
  5 orc wizards
  2 bullfrog skeletons
  A centaur skeleton (D:3)
  A hound (D:4)
  Jessica (D:2)
  3 iguanas (D:4)
  2 worker ants
  A worker ant zombie (D:6)
  7 gnolls
  7 adders
  2 oozes
  2 adder skeletons
  3 worms
  3 dart slugs
  5 leopard geckos
  15 orcs
  5 giant cockroaches
  8 goblins
  3 hobgoblins (D:1)
  3 jackals (D:3)
  10 kobolds
  A quokka (D:4)
  2 ball pythons
  7 bats (D:1)
  8 frilled lizards
  10 rats
134 creatures vanquished.

Vanquished Creatures (others)
  A bush (D:5)
1 creature vanquished.

Grand Total: 135 creatures vanquished

Notes
Turn   | Place    | Note
-------+----------+-------------------------------------------
     0 | D:1      | systemy the Minotaur Berserker began the quest for the Orb.
     0 | D:1      | Reached XP level 1. HP: 19/19 MP: 0/0
    46 | D:1      | Reached skill level 4 in Axes
    68 | D:1      | Reached XP level 2. HP: 21/27 MP: 1/1
   312 | D:1      | Reached ** piety under Trog
   588 | D:2      | Reached XP level 3. HP: 31/33 MP: 2/2
   590 | D:2      | Reached skill level 5 in Axes
   606 | D:2      | Noticed a centaur
   614 | D:2      | Killed a centaur
   614 | D:2      | Reached XP level 4. HP: 23/41 MP: 3/3
   664 | D:2      | Noticed Jessica
   665 | D:2      | Reached skill level 6 in Axes
   668 | D:2      | Killed Jessica
   668 | D:2      | Reached XP level 5. HP: 43/47 MP: 4/4
  1055 | D:3      | Reached skill level 7 in Axes
  1055 | D:3      | Reached XP level 6. HP: 50/53 MP: 5/5
  1802 | D:4      | Reached skill level 5 in Fighting
  1826 | D:4      | Reached skill level 8 in Axes
  1826 | D:4      | Reached XP level 7. HP: 36/61 MP: 6/6
  1954 | D:4      | Found a blossoming altar of Fedhas.
  1957 | D:4      | Found a snail-covered altar of Cheibriados.
  1957 | D:4      | Found a hide-covered altar of Uskayaw.
  1957 | D:4      | Found an opulent altar of Gozag.
  1959 | D:4      | Found a glowing golden altar of the Shining One.
  1960 | D:4      | Found a glowing silver altar of Zin.
  2125 | D:4      | Found a runed door.
  2125 | D:4      | Noticed Malhgor's ghost (amateur DrTm)
  2286 | D:4      | Killed Malhgor's ghost
  2286 | D:4      | Reached skill level 9 in Axes
  2306 | D:5      | Entered Level 5 of the Dungeon
  2309 | D:5      | Found a staircase to the Ecumenical Temple.
  2323 | D:5      | Reached skill level 5 in Armour
  2339 | D:5      | Reached XP level 8. HP: 51/69 MP: 7/7
  2414 | D:5      | Reached skill level 10 in Axes
  2442 | D:5      | Reached *** piety under Trog
  2724 | D:5      | Got a bound graven amulet
  2819 | D:5      | Identified Lacukhle's Incunabulum of Evil Magic and Attacks
  3056 | D:5      | Identified the amulet of Tyetam {Gourm Str+5} (You found it
                  | on level 5 of the Dungeon)
  3173 | D:6      | Found an iron altar of Okawaru.
  3364 | D:6      | Reached skill level 11 in Axes
  3769 | D:6      | Noticed a two-headed ogre
  3769 | D:6      | Reached XP level 9. HP: 64/77 MP: 8/8
  3778 | D:6      | Slain by a two-headed ogre

Skill      XL: |  1  2  3  4  5  6  7  8 |
---------------+-------------------------+-----
Axes           | 4 5 6 7 8 9 11 | 11.3
Fighting       | 4 5 6 |  6.3
Armour         | 3 5 6 |  6.4
Dodging        | 3 4 |  4.0

Action                   |  1- 3 |  4- 6 |  7- 9 || total
-------------------------+-------+-------+-------++-------
Melee: Hand axe          |    59 |   147 |   182 ||   388
       Headbutt          |     5 |    28 |    49 ||    82
Invok: Berserk           |       |     1 |     2 ||     3
       Trog's Hand       |       |       |     2 ||     2
  Eat: Chunk             |       |     1 |    15 ||    16
       Ration            |       |     1 |       ||     1
Armor: Animal skin       |     9 |       |       ||     9
       Scale mail        |    12 |    46 |    55 ||   113
Dodge: Dodged            |    52 |    75 |    88 ||   215
